 Dungeon Crawl Stone Soup version 0.21.1-1-g345015f (webtiles) character file.

2561 nightchill the Fighter (level 9, -12/77 HPs)
             Began as a Formicid Fighter on Mar 27, 2018.
             Was a Follower of Ru.
             Mangled by a two-headed ogre
             ... wielding a +0 giant spiked club
              (24 damage)
             ... on level 8 of the Dungeon on Apr 2, 2018.
             The game lasted 00:30:24 (6286 turns).

nightchill the Fighter (Formicid Fighter)           Turns: 6286, Time: 00:30:25

Health: -12/77     AC:  9    Str: 24    XL:     9   Next: 87%
Magic:  0/9        EV:  8    Int:  8    God:    Ru [*.....]
Gold:   436        SH: 11    Dex: 15    Spells: 8/8 levels left

rFire    . . .     SeeInvis +   e - +3 whip (elec)
rCold    . . .     Gourm    .   c - +0 shield
rNeg     . . .     Faith    .   b - +0 scale mail
rPois    .         Spirit   +   (helmet unavailable)
rElec    .         Reflect  .   M - scarf {Spirit}
rCorr    .         Harm     .   m - +0 pair of gloves
MR       .....                  q - +0 pair of boots
Stlth    ..........             (no amulet)
HPRegen  0.22/turn              k - +5 ring of dexterity
MPRegen  0.11/turn              (no ring)

@: no potions
A: permanent stasis, dig shafts and tunnels, four strong arms, antennae 3,
inability to drink while threatened
a: Dig, Shaft Self, Renounce Religion


You were on level 8 of the Dungeon.
You worshipped Ru.
Ru was aware of your devotion.
You were not hungry.

You visited 1 branch of the dungeon, and saw 8 of its levels.

You collected 436 gold pieces.

Inventory:

Hand Weapons
 a - a +0 war axe
 e - a +3 whip of electrocution (weapon)
 l - a +0 whip of freezing
 t - a +0 blowgun
Missiles
 p - 38 poisoned needles
 s - 91 stones (quivered)
Armour
 b - a +0 scale mail (worn)
 c - a +0 shield (worn)
 m - a +0 pair of gloves (worn)
 q - a +0 pair of boots (worn)
 E - a +0 pair of boots
 M - a scarf of spirit shield (worn)
Jewellery
 k - a +5 ring of dexterity (left hand)
 n - a cursed ring of teleportation {unknown}
 y - an uncursed amulet of guardian spirit {unknown}
 C - an uncursed ring of see invisible {unknown}
 F - an uncursed ring of protection from fire {unknown}
 H - an uncursed ring of positive energy {unknown}
 J - an uncursed ring of magical power {unknown}
 L - an uncursed amulet of harm {unknown}
 O - a +3 ring of dexterity
Scrolls
 g - 2 scrolls of enchant armour {unknown}
 h - 2 scrolls of identify
 o - a scroll of blinking {unknown}
 x - 4 scrolls of enchant weapon
 A - a scroll of fear
 B - a scroll of silence {unknown}
 K - 2 scrolls of teleportation {unknown}
 N - a scroll of immolation {unknown}
Potions
 d - 4 potions of might
 i - a potion of heal wounds
 j - a potion of haste {unknown}
 r - a potion of brilliance {unknown}
 u - a potion of flight {unknown}
 v - 2 potions of curing {unknown}
 w - a potion of lignification
 z - a potion of magic {unknown}
 I - 2 potions of berserk rage {unknown}
Books
 D - a book of Maledictions

   Spells                             Type                      Level
   a - Corona                         Hexes                        1
   b - Ensorcelled Hibernation        Hexes/Ice                    2
   c - Confuse                        Hexes                        3
   d - Tukima's Dance                 Hexes                        3
   e - Dazzling Spray                 Conjuration/Hexes            3
 G - the Catalogue of Clay
   (You found it on level 7 of the Dungeon)

   Spells                             Type                      Level
   a - Passwall                       Transmutation/Earth          2
   b - Leda's Liquefaction            Hexes/Earth                  4
   c - Borgnjor's Vile Clutch         Necromancy/Earth             5
   d - Shatter                        Earth                        9
Comestibles
 f - 7 rations


   Skills:
 + Level 9.5 Fighting
 - Level 2.1(5.5) Axes
 + Level 8.1(8.2) Maces & Flails
 + Level 5.2 Armour
 + Level 5.7 Shields


You had 8 spell levels left.
You didn't know any spells.

Dungeon Overview and Level Annotations

Branches:
Dungeon (8/15)             Temple (0/1) D:6
   Lair: D:8-11

Altars:
Ashenzari
Cheibriados
Dithmenos
Ru
Trog

Shops:
D:4 =   D:7 [=[

Annotations:
D:3 exclusion: downstairs
D:5 exclusion: downstairs


Innate Abilities, Weirdness & Mutations

You cannot be hasted, slowed, berserked, paralysed or teleported.
You can dig through walls and to a lower floor.
Your four strong arms can wield two-handed weapons with a shield.
You have a pair of large antennae on your head. (SInv)
You cannot drink potions while threatened.


Message History

You barely miss the two-headed ogre.
The two-headed ogre is heavily wounded.
You hit the two-headed ogre.
The two-headed ogre is heavily wounded.
The two-headed ogre hits you with a giant spiked club! x2
* * * LOW HITPOINT WARNING * * *
You cannot drink potions in your current state!
You hit the two-headed ogre.
The two-headed ogre is severely wounded.
You hit the two-headed ogre.
The two-headed ogre is severely wounded.
You block the two-headed ogre's attack.
The two-headed ogre hits you with a giant spiked club!
* * * LOW HITPOINT WARNING * * *
You completely miss the two-headed ogre.
The two-headed ogre is severely wounded.
You hit the two-headed ogre but do no damage.
The two-headed ogre is severely wounded.
The two-headed ogre hits you with a giant spiked club!!
You die...

.### ....... ....
....... .... .......
.... #......... ....
#......... ....
#........ ..##
###+#O...... . #.
#...@.....##########.
#.........#..........
#.........#..........
+.........#.......##.
#.........#.......##.
#.........#..........
+.........#..........
#.........'..........
#.........#+##....##.


You could see a two-headed ogre.

Vanquished Creatures
  The ghost of appiemonkey the Spear-Bearer, a novice MiGl (D:6)
  A water moccasin (D:6)
  A sky beast (D:6)
  An orc warrior (D:7)
  A black bear (D:6)
  2 ice beasts
  A phantom (D:4)
  3 ogres
  A centaur (D:7)
  5 bullfrogs
  A scorpion (D:6)
  3 crimson imps
  A bullfrog zombie (D:7)
  A centaur zombie (D:7)
  2 orc priests
  A gnoll shaman (D:6)
  A hound (D:7)
  A centaur skeleton (D:7)
  3 orc wizards
  2 worker ants
  An iguana (D:6)
  Terence (D:2)
  A hound zombie (D:8)
  A worker ant zombie (D:7)
  6 gnolls
  7 adders
  2 shadow imps
  2 adder zombies
  2 adder skeletons
  4 dart slugs
  4 leopard geckos
  15 orcs
  A ball python (D:2)
  2 giant cockroaches
  5 goblins
  6 hobgoblins
  11 jackals
  6 kobolds
  3 quokkas
  2 frilled lizards
  5 rats
120 creatures vanquished.

Notes
Turn   | Place    | Note
-------+----------+-------------------------------------------
     0 | D:1      | nightchill the Formicid Fighter began the quest for the Orb.
     0 | D:1      | Reached XP level 1. HP: 18/18 MP: 1/1
     4 | D:1      | You fall through a shaft!
   110 | D:2      | Noticed Terence
   113 | D:2      | Killed Terence
   113 | D:2      | Reached skill level 1 in Maces & Flails
   113 | D:2      | Reached XP level 2. HP: 25/25 MP: 2/2
   113 | D:2      | Reached XP level 3. HP: 30/30 MP: 3/3
   169 | D:2      | Reached skill level 4 in Fighting
   216 | D:2      | Found a faded altar of an unknown god.
   301 | D:2      | Reached XP level 4. HP: 31/38 MP: 4/4
  1054 | D:3      | Found a snail-covered altar of Cheibriados.
  1416 | D:3      | Reached XP level 5. HP: 40/43 MP: 5/5
  1822 | D:3      | Reached skill level 5 in Fighting
  2124 | D:4      | Noticed a bullfrog
  2128 | D:4      | Killed a bullfrog
  2128 | D:4      | Reached XP level 6. HP: 51/51 MP: 6/6
  2317 | D:4      | Noticed a phantom
  2351 | D:4      | Killed a phantom
  2575 | D:4      | Found Wowaast's Jewellery Shop.
  2692 | D:4      | Noticed an ogre
  2721 | D:4      | Noticed an ogre
  2962 | D:4      | Killed an ogre
  2962 | D:4      | Reached skill level 6 in Fighting
  2962 | D:4      | Reached XP level 7. HP: 26/58 MP: 7/7
  3474 | D:5      | Entered Level 5 of the Dungeon
  3497 | D:5      | Found a shattered altar of Ashenzari.
  3541 | D:5      | Found a shadowy altar of Dithmenos.
  3558 | D:5      | Reached skill level 5 in Maces & Flails
  3739 | D:6      | Noticed appiemonkey's ghost (novice MiGl)
  3778 | D:6      | Found a bloodstained altar of Trog.
  3783 | D:6      | Reached skill level 7 in Fighting
  3837 | D:6      | Killed appiemonkey's ghost
  3837 | D:6      | Reached skill level 8 in Fighting
  3837 | D:6      | Reached XP level 8. HP: 35/68 MP: 8/8
  4291 | D:6      | Found a sacrificial altar of Ru.
  4299 | D:6      | Became a worshipper of Ru the Awakened
  4324 | D:6      | Reached XP level 9. HP: 68/75 MP: 9/9
  4471 | D:6      | Reached skill level 9 in Fighting
  4684 | D:6      | Found a staircase to the Ecumenical Temple.
  5032 | D:7      | Identified the Catalogue of Clay
  5096 | D:7      | Reached skill level 5 in Shields
  5204 | D:7      | Found Qisuogh's Antique Armour Shoppe.
  5215 | D:7      | Reached skill level 5 in Armour
  5780 | D:7      | Gained mutation: You cannot drink potions while threatened. [Ru sacrifice]
  5780 | D:7      | Reached * piety under Ru
  6006 | D:7      | Found Baisibb's Armour Boutique.
  6026 | D:7      | Found Yghamuz's Jewellery Emporium.
  6213 | D:8      | Noticed a two-headed ogre
  6286 | D:8      | Mangled by a two-headed ogre

Skill      XL: |  1  2  3  4  5  6  7  8  9 |
---------------+----------------------------+-----
Maces & Flails | 1 2 3 4 6 7 8 |  8.1
Fighting       | 4 5 6 8 9 |  9.5
Shields        | 5 |  5.7
Armour         | 5 |  5.2
Axes           | |  2.1

Action                   |  1- 3 |  4- 6 |  7- 9 || total
-------------------------+-------+-------+-------++-------
Melee: Whip              |    35 |   115 |   232 ||   382
       War axe           |     1 |       |       ||     1
Throw: Stone             |       |     1 |       ||     1
Invok: Sacrifice Drink   |       |       |     1 ||     1
 Abil: Dig               |       |     3 |     8 ||    11
  Use: Scroll            |       |     8 |     3 ||    11
       Potion            |       |     1 |     2 ||     3
  Eat: Chunk             |       |     3 |    10 ||    13
       Ration            |       |     1 |     1 ||     2
Armor: Scale mail        |    20 |    32 |    59 ||   111
Dodge: Dodged            |    16 |    25 |    33 ||    74
Block: Shield            |    18 |    44 |    98 ||   160
